 Dungeon Crawl Stone Soup version 0.17-a0-737-gf0a300a (webtiles) character file.

1753 Marien the Cleaver (level 9, -13/72 HPs)
             Began as a Human Fighter on Apr 27, 2015.
             Was a Priest of Cheibriados.
             Mangled by an orc warrior
             ... wielding a +0 glaive
              (17 damage)
             ... on level 7 of the Dungeon.
             The game lasted 00:27:45 (7240 turns).

Marien the Cleaver (Human Fighter)                  Turns: 7240, Time: 00:27:45

Health: -13/72     AC: 11    Str: 24      XL:     9   Next: 27%
Magic:  9/9        EV:  7    Int: 17      God:    Cheibriados [***...]
Gold:   200        SH: 10    Dex: 19 (21) Spells: 0 memorised, 8 levels left

rFire  . . .     SeeInvis .     (no weapon)
rCold  . . .     Clarity  .     b - +0 scale mail
rNeg   . . .     SustAb   .     c - +0 shield
rPois  .         Gourm    .     p - +0 helmet
rElec  .         Spirit   .     (no cloak)
rCorr  .         Warding  .     n - +0 pair of gloves
rMut   .         Stasis   .     r - +1 pair of boots
MR     +....                    (no amulet)
Stlth  ..........               (no ring)
                                (no ring)

@: very slow, somewhat resistant to hostile enchantments, extremely unstealthy
A: magic resistance 1, robust 1, spit poison 1
a: Spit Poison, Bend Time, Temporal Distortion, Renounce Religion


You were on level 7 of the Dungeon.
You worshipped Cheibriados.
Cheibriados was most pleased with you.
You were not hungry.

You visited 1 branch of the dungeon, and saw 7 of its levels.

You collected 200 gold pieces.

Inventory:

Hand weapons
 y - a +2 vampiric hand axe
Missiles
 v - 2 poisoned tomahawks (quivered)
Armour
 b - a +0 scale mail (worn)
 c - a +0 shield (worn)
 n - a +0 pair of gloves (worn)
 p - a +0 helmet (worn)
 r - a +1 pair of boots (worn)
Magical devices
 d - a wand of lightning (3)
Scrolls
 h - a scroll of remove curse
 o - 2 scrolls of recharging
Potions
 l - 2 potions of lignification {unknown}
 m - 3 potions of flight {unknown}
 q - a potion of resistance {unknown}
 x - 2 potions of berserk rage {unknown}
Comestibles
 a - a chunk of flesh
 e - 5 bread rations
 g - 2 beef jerkies
 i - a royal jelly
 k - 4 meat rations
 u - a slice of pizza
 w - 3 fruits


   Skills:
 - Level 4.7 Fighting
 + Level 8.4 Axes
 + Level 6.6 Throwing
 - Level 3.2 Armour
 - Level 3.0 Shields


You had 8 spell levels left.
You didn't know any spells.

Dungeon Overview and Level Annotations

Branches:
Dungeon (7/15)             Temple (0/1) D:5

Altars:
Cheibriados
Elyvilon
Trog

Shops:
D:5 (


Innate Abilities, Weirdness & Mutations

You are resistant to hostile enchantments.
You are robust (+10% HP).
You can spit weak poison.


Message History

The quasit claws you but does no damage.
The quasit closely misses you.
The orc warrior hits you from afar with a glaive!
* * * LOW HITPOINT WARNING * * *
You block the adder zombie's attack.
The quasit bites you but does no damage.
The quasit claws you but does no damage. x2
You hit the adder zombie.
The quasit bites you but does no damage.
The quasit closely misses you. The quasit barely misses you.
The orc warrior hits you from afar with a glaive.
* * * LOW HITPOINT WARNING * * *
You block the adder zombie's attack.
An orc comes into view. It is wielding a long sword.
Your shield and scale mail prevent you from hitting the adder zombie.
The quasit bites you but does no damage.
The quasit claws you but does no damage. x2
The adder zombie barely misses you.
The orc warrior hits you from afar with a glaive!
You die...

... ...# .#
#..### .. ....
(### ...
..###.#######.#
#.##oo.........
#o##5.#......#
#.Z@......#
#)#####.#.#
#.#.#####z#
#.........#
#.#.##......#
#.#..+..........
. ####$....#....
.. ......#.#..
.. ...#......


You could see an orc warrior, an orc priest (wandering), a quasit, an orc and an
adder zombie.

Vanquished Creatures
  The ghost of Ngotmuk the Chopper, an average DDFi (D:4)
  A sky beast (D:5)
  An ice beast (D:5)
  A centaur (D:6)
  A phantom (D:5)
  A giant frog (D:7)
  2 scorpions (D:4)
  2 wights (D:7)
  2 hounds (D:5)
  An iguana (D:4)
  6 orc priests
  8 orc wizards
  A giant frog skeleton (D:5)
  4 worker ants
  A mummy (D:5)
  Robin (D:2)
  2 gnolls (D:3)
  17 adders
  3 oozes
  3 worms
  9 giant geckos
  26 orcs
  3 ball pythons
  18 bats
  2 bat skeletons
  4 giant cockroaches
  10 hobgoblins
  10 jackals
  14 kobolds
  4 giant newts
  18 goblins
  A hobgoblin zombie (D:5)
  A kobold zombie (D:5)
  2 orc zombies (D:5)
  5 quokkas
  A quokka skeleton (D:5)
  19 rats
  A plant (D:3)
207 creatures vanquished.

Vanquished Creatures (others)
  A gnoll (D:3)
1 creature vanquished.

Grand Total: 208 creatures vanquished

Notes
Turn   | Place    | Note
--------------------------------------------------------------
     0 | D:1      | Marien, the Human Fighter, began the quest for the Orb.
     0 | D:1      | Reached XP level 1. HP: 18/18 MP: 1/1
   215 | D:1      | Reached XP level 2. HP: 24/24 MP: 2/2
   363 | D:1      | Reached XP level 3. HP: 25/29 MP: 3/3
   980 | D:2      | Reached XP level 4. HP: 35/37 MP: 4/4
  1050 | D:2      | Found a bloodstained altar of Trog.
  1099 | D:2      | Noticed Robin
  1115 | D:2      | Killed Robin
  1115 | D:2      | Reached skill level 4 in Fighting
  1311 | D:2      | Reached XP level 5. HP: 42/42 MP: 5/5
  2099 | D:3      | Reached XP level 6. HP: 34/49 MP: 6/6
  2375 | D:3      | Found a white marble altar of Elyvilon.
  2461 | D:3      | Reached skill level 1 in Throwing
  2877 | D:4      | Reached skill level 5 in Axes
  3128 | D:4      | Noticed Ngotmuk's ghost (average DDFi)
  3142 | D:4      | Killed Ngotmuk's ghost
  3142 | D:4      | Reached XP level 7. HP: 49/55 MP: 7/7
  3612 | D:4      | Found a snail-covered altar of Cheibriados.
  3615 | D:4      | Became a worshipper of Cheibriados the Contemplative
  4098 | D:4      | Reached skill level 6 in Axes
  4156 | D:4      | Acquired Cheibriados's first power
  4518 | D:4      | Reached XP level 8. HP: 22/61 MP: 8/8
  5579 | D:5      | Entered Level 5 of the Dungeon
  5671 | D:5      | Reached skill level 7 in Axes
  5780 | D:5      | Reached skill level 5 in Throwing
  5790 | D:5      | Gained mutation: You are robust (+10% HP). [mutagenic meat]
  5791 | D:5      | Gained mutation: You can spit weak poison. [mutagenic meat]
  5792 | D:5      | Gained mutation: You are resistant to hostile enchantments. [mutagenic meat]
  6248 | D:5      | Found Cioby's Weapon Emporium.
  6423 | D:5      | Found a staircase to the Ecumenical Temple.
  6887 | D:6      | Acquired Cheibriados's second power
  6936 | D:6      | Reached XP level 9. HP: 70/72 MP: 9/9
  6991 | D:6      | Reached skill level 8 in Axes
  7240 | D:7      | Mangled by an orc warrior

Action                   |  1- 3 |  4- 6 |  7- 9 || total
-------------------------+-------+-------+-------++-------
Melee: War axe           |    84 |   312 |   311 ||   707
       Unarmed           |       |       |   129 ||   129
Throw: Tomahawk          |       |       |     6 ||     6
Invok: Temporal Distorti |       |       |     1 ||     1
 Abil: Spit Poison       |       |       |     2 ||     2
Evoke: Wand              |       |       |     4 ||     4
  Use: Potion            |       |     1 |     5 ||     6
       Scroll            |       |       |    12 ||    12
 Stab: Invisible         |       |       |     3 ||     3
  Eat: Chunk             |       |     8 |    12 ||    20
